Map: Lightshade LE

Players

Antis

  • Race: Zerg Zerg

Vindicta - Winner!

  • Race: Terran Terran

VOD

Have the link to the VOD?

Description

Time

  • Played on: Oct. 9, 2021, 3:45 p.m.
  • Length: 7:52
Show
View Real Time Build Order
Export as new Build Order

Antis Zerg 

Build Orders: Hatch First 

Get SALT Encoding   

  12  0:00  Drone  
  13  0:12  Overlord  
  13  0:17  Drone  
  14  0:30  Drone x2  
  16  0:48  Hatchery  
  15  0:51  Drone  
  15  0:55  Drone  
  17  0:58  Drone  
  18  1:09  Extractor  
  17  1:14  Spawning Pool  
  17  1:16  Drone  
  17  1:20  Drone  
  18  1:30  Drone  
  19  1:48  Overlord  
  19  2:01  Queen x2  
  19  2:02  Zergling x6  
  26  2:12  Drone  
  26  2:14  Drone  
  28  2:15  Metabolic Boost  
  28  2:25  Drone x2  
  29  2:42  Hatchery  
  28  2:45  Drone x2  
  28  2:50  Queen  
  32  2:53  Overlord  
  32  2:58  Drone  
  33  2:59  Drone  
  33  3:04  Drone  
  35  3:14  Overlord  
  35  3:17  Drone x2  
  35  3:18  Drone x2  
  35  3:19  Drone  
  40  3:26  Queen  
  42  3:29  Zergling x4  
  44  3:35  Queen  
  46  3:46  Zergling x4  
  46  3:47  Drone x4  
  52  3:52  Overlord  
  52  4:00  Overlord  
  52  4:01  Drone x3  
  52  4:02  Drone  
  56  4:03  Drone  
  57  4:10  Queen  
  57  4:12  Overlord  
  59  4:21  Zergling x4  
  59  4:24  Drone x3  
  63  4:32  Queen, Spore Crawler  
  64  4:39  Lair  
  64  4:42  Drone x5  
  69  4:47  Zergling x8  
  73  4:57  Zergling x8  
  77  5:11  Queen  
  77  5:13  Drone x3  
  82  5:16  Extractor  
  82  5:18  Baneling Nest  
  79  5:21  Overlord x2  
  79  5:24  Drone x3  
  82  5:30  Overlord x2  
  82  5:34  Hatchery  
  81  5:39  Drone x2  
  81  5:40  Drone  
  81  5:41  Evolution Chamber x2, Extractor  
  81  5:44  Overlord  
  81  5:45  Drone, Hatchery  
  81  5:55  Zergling x6  
  83  6:01  Baneling x5  
  83  6:02  Centrifugal Hooks  
  83  6:04  Drone x5  
  83  6:11  Overlord  
  87  6:21  Drone x7  
  92  6:27  Extractor  
  83  6:34  Zergling x6  
  83  6:35  Baneling x4  
  86  6:40  Zergling x8  
  86  6:42  Queen x2  
  94  6:47  Zergling x6  
  94  6:48  Zergling x4  
  99  6:59  Zergling x10  
  99  7:00  Zergling x6  
  104  7:05  Baneling x3  
  104  7:08  Drone x4  
  104  7:12  Overseer  
  107  7:21  Drone x5  
  110  7:27  Zergling x2  
  110  7:28  Zergling x10  
  115  7:30  Baneling  
  115  7:31  Baneling x3  
Show
View Real Time Build Order
Export as new Build Order

Vindicta Terran - Winner!

Build Orders: Reaper Expand 

Get SALT Encoding   

  12  0:00  SCV  
  13  0:12  SCV  
  14  0:17  Supply Depot  
  14  0:24  SCV  
  15  0:38  SCV  
  15  0:40  Barracks  
  16  0:43  Refinery  
  16  0:50  SCV  
  17  1:03  SCV  
  18  1:15  SCV  
  19  1:26  Reaper  
  19  1:27  Orbital Command  
  20  1:41  Command Center  
  20  1:52  Barracks  
  20  1:55  SCV  
  20  1:59  Barracks Reactor  
  21  2:07  SCV  
  22  2:09  Supply Depot  
  22  2:19  SCV  
  23  2:29  Factory, Refinery  
  23  2:31  SCV  
  24  2:43  Barracks Reactor, SCV, Marine x2  
  27  2:44  Barracks Tech Lab  
  27  2:52  Orbital Command  
  27  2:55  SCV  
  28  3:01  Marine  
  28  3:03  Stimpack  
  29  3:08  SCV, Marine  
  29  3:10  Marine  
  32  3:18  SCV  
  33  3:20  SCV  
  33  3:24  Starport  
  34  3:28  Marine  
  34  3:29  Factory Reactor  
  34  3:30  Marine  
  34  3:31  SCV  
  34  3:33  SCV  
  38  3:35  Marine  
  38  3:40  Supply Depot  
  39  3:44  SCV  
  39  3:46  Marine  
  39  3:47  Marine  
  39  3:48  SCV  
  43  3:52  Marine  
  44  3:56  SCV  
  44  4:00  SCV  
  46  4:03  Marine  
  46  4:05  Supply Depot  
  46  4:09  SCV, Medivac x2, Marine  
  52  4:10  Marine  
  54  4:21  Supply Depot, SCV  
  54  4:26  SCV, Marine  
  54  4:27  Widow Mine  
  54  4:31  Marine x2  
  59  4:33  SCV  
  59  4:37  Supply Depot  
  61  4:43  Medivac  
  61  4:44  Marine  
  64  4:49  Marine x2  
  64  4:50  Command Center  
  66  4:55  Combat Shield  
  66  4:56  SCV  
  66  4:57  SCV  
  68  5:02  Marine  
  68  5:05  Factory Reactor  
  68  5:06  Marine  
  70  5:08  SCV, Barracks  
  70  5:10  SCV, Marine  
  70  5:12  Supply Depot  
  73  5:20  Marine  
  74  5:24  Engineering Bay, Marine  
  74  5:28  SCV x2, Marine  
  75  5:29  Engineering Bay  
  75  5:32  Refinery  
  75  5:34  Refinery  
  78  5:37  Marine  
  78  5:40  SCV  
  78  5:41  SCV  
  78  5:42  Marine  
  82  5:44  Widow Mine  
  82  5:46  Widow Mine  
  82  5:47  Starport Reactor  
  86  5:52  Terran Infantry Weapons Level 1  
  86  5:53  SCV  
  86  5:54  Marine  
  86  6:01  SCV, Marine x2  
  89  6:05  SCV  
  89  6:06  Orbital Command  
  89  6:10  Marine  
  91  6:15  SCV  
  94  6:24  Medivac  
  94  6:27  Medivac, Orbital Command  
  94  6:28  Barracks  
  94  6:31  Marine x4, Barracks  
  99  6:34  SCV x2  
  99  6:42  Widow Mine  
  99  6:46  Supply Depot  
  101  6:47  SCV  
  101  6:48  Widow Mine  
  101  6:49  Marine  
  101  6:51  Supply Depot  
  105  6:55  Marine  
  105  6:56  Marine x2  
  105  6:57  Marine  
  107  7:02  SCV  
  107  7:03  SCV  
  107  7:07  Marine  
  110  7:10  Armory  
  110  7:11  SCV  
  110  7:13  Medivac, Marine  
  110  7:14  Marine  
  115  7:16  Marine  
  115  7:17  Barracks Reactor  
  113  7:23  Marine x2  
  113  7:25  Marine  
  113  7:27  SCV  
  115  7:31  Marine  
  115  7:32  Marine  
  115  7:33  Marine  
  120  7:39  SCV x2  
  116  7:41  Supply Depot  
Tags
 
Add a new tag
Caveats
  • Supply blocks, unpowered buildings, or Contaminate may cause inaccurate times.
  • Supply counts are checked every 10 seconds.